 Dungeon Sprint DCSS version 0.19.1 (webtiles) character file.

642 danny2772 the Slicer (level 7, -8/61 (62) HPs)
             Began as a Human Chaos Knight on Nov 27, 2016.
             Killed from afar by an electric eel (9 damage)
             ... with a bolt of electricity
             ... in the Dungeon (Sprint II: "The Violet Keep of Menkaure").
             The game lasted 00:02:08 (232 turns).

danny2772 the Slicer (Human Chaos Knight)            Turns: 232, Time: 00:02:10

HP:   -8/61 (62)    AC:  5    Str: 13    XL:     7   Next: 81%
MP:   7/7           EV: 12    Int: 12    God:    Xom [.*....]
Gold: 486           SH:  0    Dex: 14    Spells: 0 memorised, 6 levels left

rFire  . . .     SeeInvis .     a - +0 short sword (chaos)
rCold  . . .     Gourm    .     b - +2 leather armour
rNeg   . . .     Faith    .     (no shield)
rPois  .         Spirit   .     (no helmet)
rElec  .         Reflect  .     (no cloak)
rCorr  .         Harm     .     (no gloves)
MR     .....     NoTele   +     (no boots)
Stlth  ++++......               (no amulet)
                                (no ring)
                                (no ring)

@: no status effects
A: screaming 1, slow regeneration 1, MP-powered wands
a: Renounce Religion


You were in the Dungeon.
You worshipped Xom.
You were a plaything of Xom.
You were not hungry.

You visited 1 branch You collected 486 gold pieces.

Inventory:

Hand Weapons
 a - a +0 short sword of chaos (weapon)
Armour
 b - a +2 leather armour (worn)
Scrolls
 i - a scroll of blinking
Potions
 d - a potion of curing
 e - a potion of heal wounds
 f - a potion of haste
 g - 2 potions of magic
 h - a potion of berserk rage
Comestibles
 c - a bread ration


   Skills:
 + Level 8.2 Fighting
 + Level 10.9 Short Blades
 + Level 4.4 Armour
 + Level 1.7 Dodging
 + Level 8.6 Stealth


You had 6 spell levels left.
You didn't know any spells.

Dungeon Overview and Level Annotations

Branches:
Dungeon (1/1)

Altars:

Shops:
D !:%=?(![%}[*!=:

Annotations:
D exclusion: oklob plant


Innate Abilities, Weirdness & Mutations

You occasionally shout uncontrollably at your foes.
You regenerate slowly when monsters are visible.
You expend magic power (3 MP) to strengthen your wands.


Message History

The bolt of electricity hits the electric eel.
The electric eel completely resists.
The bolt of electricity hits you!
* * * LOW HITPOINT WARNING * * *
The electric eel shoots out a bolt of lightning at you!
The bolt of electricity hits you!
* * * LOW HITPOINT WARNING * * *
Xom thinks this is hilarious!
The bolt of electricity misses you.
The bolt of electricity hits the electric eel.
The electric eel completely resists.
Xom briefly touches your surroundings.
Several doors burst open, and several other doors slam shut!
The electric eel shoots out a bolt of lightning at you!
The bolt of electricity hits the electric eel.
The electric eel completely resists.
The bolt of electricity misses you.
Xom thinks this is hilarious!
The electric eel shoots out a bolt of lightning at you!
The bolt of electricity hits you!
You die...
Xom cackles wildly!

####'#### ##§≈§§;≈≈##
##§§§§§§§≈≈##
+§≈§§§§§≈≈§≈#
#≈;§;§;;§≈# #§§;;;;≈#
##≈≈#'''#+++##
########≈≈≈...@..≈..#
...∩.∩.#≈≈≈≈.##+##..#
..∩.∩..#≈≈≈≈##...##.#
.∩.∩...#≈≈≈ #..#..#...
⌠.∩....#≈≈####.#†####..
.∩.∩...#≈##.###†## #..#
..∩.∩..#≈#..###†## ..#
...∩.∩.'≈'.##'.<.+ .#
....∩.∩#≈#.#.##.##


You could see 9 electric eels.

Vanquished Creatures
  4 neqoxecs (D)
  Menkaure (D)
  2 necrophages (D)
7 creatures vanquished.

Vanquished Creatures (others)
  2 necrophages (D)
  A crocodile (D)
3 creatures vanquished.

Grand Total: 10 creatures vanquished

Notes
Turn   | Place    | Note
-------+----------+-------------------------------------------
     0 | D        | danny2772 the Human Chaos Knight began the quest for the Orb.
     0 | D        | Reached XP level 1. HP: 18/18 MP: 1/1
     1 | D        | Noticed a neqoxec
     4 | D        | Gained mutation: You occasionally shout uncontrollably at your foes. [a neqoxec]
    15 | D        | Killed a neqoxec
    15 | D        | Reached skill level 5 in Fighting
    15 | D        | Reached skill level 7 in Short Blades
    15 | D        | Reached skill level 5 in Stealth
    15 | D        | Reached XP level 2. HP: 27/27 MP: 2/2
    15 | D        | Reached XP level 3. HP: 33/33 MP: 3/3
    15 | D        | Reached XP level 4. HP: 39/39 MP: 4/4
    15 | D        | Reached XP level 5. HP: 44/44 MP: 5/5
    18 | D        | Noticed a neqoxec
    19 | D        | Killed a neqoxec
    19 | D        | Reached skill level 8 in Short Blades
    19 | D        | Reached XP level 6. HP: 53/53 MP: 6/6
    20 | D        | Noticed a neqoxec
    20 | D        | Noticed a neqoxec
    23 | D        | Found Doptyh's Antique Armour Boutique.
    23 | D        | Found Nauqua's Distillery.
    23 | D        | Found Lexzagg's Gadget Shop.
    23 | D        | Found Igyeckua's Distillery.
    23 | D        | Found Xeki's Antique Weapon Boutique.
    26 | D        | XOM: potion effect (might)
    26 | D        | Gained mutation: You expend magic power (3 MP) to strengthen your wands. [a neqoxec]
    28 | D        | Gained mutation: You regenerate slowly when monsters are visible. [a neqoxec]
    30 | D        | Killed a neqoxec
    30 | D        | Reached skill level 9 in Short Blades
    30 | D        | Reached XP level 7. HP: 60/60 MP: 7/7
    34 | D        | XOM: divine lightning (protected)
    37 | D        | Killed a neqoxec
    37 | D        | Reached skill level 10 in Short Blades
    39 | D        | Found Ifol's Book Shop.
    39 | D        | Found Yqoacw's General Store.
    39 | D        | Found Ughid's Antique Armour Shop.
    39 | D        | Found Vuophutu's Magic Scroll Boutique.
    39 | D        | Found Efitiy's Jewellery Shop.
    39 | D        | Found Anlar's Food Boutique.
    50 | D        | Noticed Menkaure
    51 | D        | Found Garyh's Book Shop.
    51 | D        | Found Gouj Bue's Distillery.
    51 | D        | Noticed a hippogriff
    62 | D        | Killed Menkaure
    73 | D        | XOM: scenery: 1 doors close
   159 | D        | Found Vojopsof's Jewellery Boutique.
   159 | D        | Found Yfewna's Food Shop.
   159 | D        | Noticed a hippogriff
   160 | D        | Noticed a hippogriff
   160 | D        | Noticed an oklob plant
   161 | D        | Noticed a yak
   189 | D        | XOM: destruction
   198 | D        | XOM: cleaving
   203 | D        | XOM: enchant monster (bad)
   230 | D        | HP: 1/61 [electric eel/bolt of electricity (13)]
   231 | D        | XOM: scenery: 4 doors open, 4 doors close
   232 | D        | Killed from afar by an electric eel

Skill      XL: |  1  2  3  4  5  6  7 |
---------------+----------------------+-----
Fighting       | 5 6 7 8 |  8.2
Short Blades   | 7 8 9 10 | 10.9
Stealth        | 5 6 7 8 |  8.6
Armour         | 3 4 |  4.4
Dodging        | |  1.7

Action                   |  1- 3 |  4- 6 |  7- 9 || total
-------------------------+-------+-------+-------++-------
Melee: Short sword       |    12 |     9 |    23 ||    44
 Stab: Petrified         |     7 |       |       ||     7
       Sleeping          |       |     1 |       ||     1
       Petrifying        |       |       |     1 ||     1
Armor: Leather armour    |       |     3 |     1 ||     4
Dodge: Dodged            |     2 |     2 |    10 ||    14
